 Dungeon Crawl Stone Soup version 0.31-a0-1101-g9ad1905e61 (webtiles) character file.

Game seed: 15324758852956980879

718 gruber the Skirmisher (level 7, -2/56 HPs)
             Began as a Minotaur Hunter on Dec 1, 2023.
             Slain by a water moccasin (7 damage)
             ... on level 5 of the Dungeon.
             The game lasted 00:03:39 (2854 turns).

gruber the Skirmisher (Minotaur Hunter)             Turns: 2854, Time: 00:03:40

Health: -2/56      AC:  6    Str: 15    XL:     7   Next: 42%
Magic:  6/6        EV: 12    Int:  6    God:
Gold:   228        SH:  0    Dex: 16    Spells: 6/6 levels left

rFire   . . .        w - +0 orcbow
rCold   + . .        (shield currently unavailable)
rNeg    . . .        u - +2 leather armour {rC+}
rPois   .            (helmet restricted)
rElec   .            j - +0 cloak
rCorr   +            (no gloves)
SInv    .            (no boots)
Will    .....        z - amulet of the acrobat
Stlth   +            k - ring of wizardry
HPRegen 0.29/turn    x - ring of resist corrosion
MPRegen 0.10/turn

%: acrobat, wizardry (x1)
@: lethally poisoned (-2 -> -12)
A: horns 2, retaliatory headbutt
a: no special abilities


You were on level 5 of the Dungeon.
You visited 1 branch of the dungeon, and saw 5 of its levels.

You collected 228 gold pieces.

Inventory:

Hand Weapons
 q - a +1 short sword of speed
 w - a +0 orcbow (weapon)
Armour
 j - a +0 cloak (worn)
 u - a +2 leather armour of cold resistance (worn)
Jewellery
 k - a ring of wizardry (left hand)
 x - a ring of resist corrosion (right hand)
 z - an amulet of the acrobat (around neck)
Wands
 t - a wand of iceblast (7)
 A - a wand of mindburst (14)
Scrolls
 a - 2 scrolls of summoning {unknown}
 b - a scroll of butterflies
 d - a scroll of teleportation {unknown}
 e - 4 scrolls of identify {unknown}
 f - 2 scrolls of fear {unknown}
 g - 2 scrolls of enchant weapon {unknown}
 h - a scroll of enchant armour {unknown}
 i - 2 scrolls of fog {unknown}
 n - 4 scrolls of vulnerability {unknown}
 o - 2 scrolls of revelation {unknown}
 p - a scroll of noise {unknown}
 r - 2 scrolls of poison {unknown}
 y - a scroll of blinking {unknown}
Potions
 c - a potion of cancellation {unknown}
 l - a potion of degeneration {unknown}
 m - a potion of enlightenment {unknown}
 s - a potion of curing {unknown}
 v - a potion of mutation {unknown}


   Skills:
 - Level 2.4 Fighting
 + Level 10.1 Ranged Weapons
 - Level 2.1 Dodging
 - Level 0.7 Stealth


You had 6 spell levels left.
You didn't know any spells.
Your spell library contained the following spells:

 Spells                   Type           Power      Damage    Failure   Level
 Scorch                   Fire           0%         2d5       34%         2
 Flame Wave               Conj/Fire      0%         2d4       91%         4
 Summon Cactus Giant      Summ           0%         N/A       100%        6


Dungeon Overview and Level Annotations

Branches:
Dungeon (5/15)
 Temple: D:4-7

Altars:
Qazlal
Ru
Uskayaw

Annotations:
D:3 1 runed translucent door, Crazy Yiuf


Innate Abilities, Weirdness & Mutations

You have a pair of horns on your head.
You reflexively headbutt those who attack you in melee.


Message History

Unknown command.
You shoot an arrow.
The arrow closely misses the water moccasin.
The arrow hits the jelly.
The jelly is severely wounded.
You feel very sick. The water moccasin closely misses you.
The water moccasin bites you!
You are too injured to fight recklessly!
Unknown command.
You are too injured to fight recklessly!
Unknown command.
You are too injured to fight recklessly!
Unknown command.
You are too injured to fight recklessly!
Unknown command.
You shoot an arrow.
The arrow closely misses the water moccasin.
The arrow hits the jelly.
You kill the jelly!
You feel very sick. The water moccasin bites you.
You shoot an arrow. The arrow hits the water moccasin!
The water moccasin is severely wounded.
You feel sick. The water moccasin barely misses you.
The water moccasin completely misses you.
You furiously retaliate!
You headbutt the water moccasin. You shoot an arrow.
The arrow barely misses the water moccasin.
You feel sick. The water moccasin misses you.
You shoot an arrow. The arrow misses the water moccasin.
You feel sick. The water moccasin bites you.
* * * LOW HITPOINT WARNING * * *
You are lethally poisoned!
The water moccasin poisons you!
The water moccasin bites you but does no damage.
You shoot an arrow. The arrow misses the water moccasin.
* * * LOW HITPOINT WARNING * * *
You feel very sick. The water moccasin bites you!
You die...

###...# #..
#...#### ###
..####.....#####.
#...#
........#..#..
.##...#
.)...##.####.#
##...#
....###.####.#
#####
.>...........#
##.####.###..##
#.......###
#######..@# ###S#
#..# ...# ....
...... ....#.[
.....###.


You could see a water moccasin.

Vanquished Creatures
  A troll (D:5)
  An ogre (D:4)
  A jelly (D:5)
  A hound (D:3)
  2 sleepcaps (D:4)
  An iguana (D:5)
  Ijyb (D:3)
  Terence (D:3)
  2 orc wizards (D:5)
  Robin (D:4)
  A gnoll (D:1)
  6 adders
  A worm (D:4)
  2 dart slugs
  9 orcs
  7 endoplasms
  4 giant cockroaches
  10 goblins
  12 hobgoblins
  3 jackals (D:2)
  3 quokkas
  6 ball pythons
  7 bats
  2 frilled lizards (D:1)
  3 kobolds
  4 rats
92 creatures vanquished.

Notes
Turn   | Place    | Note
-------+----------+-------------------------------------------
     0 | D:1      | gruber the Minotaur Hunter began the quest for the Orb.
     0 | D:1      | Reached XP level 1. HP: 18/18 MP: 0/0
    95 | D:1      | Reached XP level 2. HP: 25/25 MP: 1/1
   162 | D:1      | Reached skill level 5 in Ranged Weapons
   537 | D:1      | Reached XP level 3. HP: 30/30 MP: 2/2
   839 | D:2      | Reached skill level 6 in Ranged Weapons
  1127 | D:3      | Reached XP level 4. HP: 23/37 MP: 3/3
  1197 | D:3      | Found a stormy altar of Qazlal.
  1263 | D:3      | Found a sacrificial altar of Ru.
  1286 | D:3      | Found a faded altar of an unknown god.
  1301 | D:3      | Noticed Terence
  1314 | D:3      | Killed Terence
  1460 | D:3      | Noticed Ijyb
  1472 | D:3      | Killed Ijyb
  1473 | D:3      | Reached skill level 7 in Ranged Weapons
  1473 | D:3      | Reached XP level 5. HP: 38/42 MP: 4/4
  1559 | D:3      | Found a runed translucent door.
  1559 | D:3      | Found the +6 shillelagh "Devastator" {shatter}
  1560 | D:3      | Noticed Crazy Yiuf
  1612 | D:3      | Found a hide-covered altar of Uskayaw.
  1997 | D:4      | Noticed an ogre
  2002 | D:4      | Killed an ogre
  2003 | D:4      | Reached skill level 8 in Ranged Weapons
  2003 | D:4      | Reached XP level 6. HP: 50/50 MP: 5/5
  2108 | D:4      | Noticed Robin
  2131 | D:4      | Killed Robin
  2519 | D:5      | Entered Level 5 of the Dungeon
  2571 | D:5      | Noticed a troll
  2583 | D:5      | Killed a troll
  2584 | D:5      | Reached skill level 9 in Ranged Weapons
  2584 | D:5      | Reached XP level 7. HP: 7/56 MP: 6/6
  2843 | D:5      | Reached skill level 10 in Ranged Weapons
  2854 | D:5      | Slain by a water moccasin

Illustrated notes

Levels and vault maps discovered:
D:1:      dpeg_arrival_boxes_within_box, layout_loops_ring
D:2:      layout_rooms, kennysheep_generic_room_12
D:3:      layout_basic, mainiacjoe_overflow_alcove_2, nicolae_ru_awakened_eye,
          mainiacjoe_overflow_six_doors_small,
          hellmonk_ecumenical_altar_run_dry, uniq_terence, uniq_ijyb,
          uniq_crazy_yiuf_cottage
D:4:      layout_gridville, uniq_robin
D:5:      gammafunk_steamed_eel, layout_basic

Skill      XL: |  1  2  3  4  5  6  7 |
---------------+----------------------+-----
Ranged Weapons | 5 6 7 8 9 10 | 10.1
Fighting       | |  2.4
Dodging        | |  2.1
Stealth        | |  0.7

Action                     |  1- 3 |  4- 6 |  7- 9 || total
---------------------------+-------+-------+-------++-------
  Melee: Orcbow            |       |       |     2 ||     2
   Fire: Shortbow          |    93 |    69 |       ||   162
         Orcbow            |       |    79 |    43 ||   122
  Evoke: Wand              |       |     3 |       ||     3
    Use: Potion            |       |     1 |     1 ||     2
 Armour: Leather armour    |    24 |    32 |    26 ||    82
  Dodge: Dodged            |    22 |    39 |    11 ||    72

Table legend: (Time is in decaauts)
 A = Elapsed time spent in this place.
 B = Non-inter-level travel time spent in this place.
 C = Inter-level travel time spent in this place.
 D = Time resting spent in this place.
 E = Time spent auto-exploring this place.
 F = Levels seen in this place.
 G = Mean time per level.
                   A        B        C        D        E       F      G
               +--------+--------+--------+--------+--------+-----+--------+
         Total |   2883 |   2766 |    117 |      0 |   2231 |   5 |  576.6 |
       Dungeon |   2883 |   2766 |    117 |      0 |   2231 |   5 |  576.6 |
               +--------+--------+--------+--------+--------+-----+--------+

Top non-repeatable levels by time:
     D:3: 754 daAuts
     D:4: 700 daAuts
     D:1: 672 daAuts
     D:2: 417 daAuts
     D:5: 338 daAuts
